 Dungeon Crawl Stone Soup version 0.22.0-75-g3901e79 (webtiles) character file.

2784 shmeve the Shield-Bearer (level 9, -5/103 HPs)
             Began as a Demonspawn Berserker on Sept 14, 2018.
             Was an Elder of Trog.
             Slain by a wyvern (10 damage)
             ... on level 8 of the Dungeon.
             The game lasted 00:16:12 (8242 turns).

shmeve the Shield-Bearer (Demonspawn Berserker)     Turns: 8242, Time: 00:16:13

Health: -5/103     AC: 12    Str: 25    XL:     9   Next: 43%
Magic:  9/9        EV: 11    Int:  9    God:    Trog [****..]
Gold:   435        SH: 12    Dex: 18    Spells: 8/8 levels left

rFire    . . .     SeeInvis .   a - +0 hand axe
rCold    . . .     Gourm    .   m - +0 shield
rNeg     . . .     Faith    .   t - +0 scale mail
rPois    .         Spirit   .   (no helmet)
rElec    .         Reflect  .   (no cloak)
rCorr    .         Harm     .   r - +0 pair of gloves
MR       .....                  A - +0 pair of boots
Stlth    ..........             (no amulet)
HPRegen  0.27/turn              h - +2 ring of dexterity
MPRegen  0.11/turn              z - +3 ring of dexterity

@: berserking (expiring), very quick
A: talons 2, yellow scales 2, powered by death 2
a: Berserk, Trog's Hand, Brothers in Arms, Renounce Religion


You were on level 8 of the Dungeon.
You worshipped Trog.
Trog was greatly pleased with you.
You were very hungry.

You visited 1 branch of the dungeon, and saw 8 of its levels.
You also visited: Ossuary.

You collected 480 gold pieces.
You spent 45 gold pieces at shops.

Inventory:

Hand Weapons
 a - a +0 hand axe (weapon)
Missiles
 x - 7 tomahawks (quivered)
Armour
 m - a +0 shield (worn)
 r - a +0 pair of gloves (worn)
 t - a +0 scale mail (worn)
 A - a +0 pair of boots (worn)
Jewellery
 h - a +2 ring of dexterity (left hand)
 z - a +3 ring of dexterity (right hand)
Scrolls
 g - 6 scrolls of identify {unknown}
 k - 2 scrolls of magic mapping {unknown}
 l - 5 scrolls of remove curse {unknown}
 n - 3 scrolls of teleportation {unknown}
 q - a scroll of enchant weapon {unknown}
 s - a scroll of random uselessness {unknown}
 u - a scroll of noise {unknown}
 w - a scroll of fog {unknown}
 y - 2 scrolls of immolation {unknown}
Potions
 d - 4 potions of curing
 e - 2 potions of degeneration {unknown}
 f - 3 potions of lignification {unknown}
 i - 2 potions of brilliance {unknown}
 j - 2 potions of berserk rage {unknown}
 o - a potion of resistance {unknown}
 p - 2 potions of flight {unknown}
 v - a potion of cancellation {unknown}
Comestibles
 c - 6 rations


   Skills:
 * Level 6.3 Fighting
 * Level 5.8 Axes
 + Level 3.3 Throwing
 + Level 3.9 Armour
 + Level 3.9 Dodging
 * Level 6.9 Shields


You had 8 spell levels left.
You didn't know any spells.
Your spell library was empty.

Dungeon Overview and Level Annotations

Branches:
Dungeon (8/15)             Temple (0/1) D:7
   Lair: D:8-11

Altars:
Fedhas
Hepliaklqana
Makhleb
Qazlal
Sif Muna
Trog

Shops:
D:6 *   D:7 %


Innate Abilities, Weirdness & Mutations

You have razor-sharp toenails.
You are mostly covered in yellow scales. (AC +3)
You regenerate health from kills.


Message History

You block the wyvern's attack.
You closely miss the wyvern.
The wyvern is heavily wounded.
The wyvern bites you.
* * * LOW HITPOINT WARNING * * *
You barely miss the wyvern.
The wyvern is heavily wounded.
The wyvern bites you but does no damage.
You closely miss the wyvern.
The wyvern is heavily wounded.
The wyvern bites you!
* * * LOW HITPOINT WARNING * * *
The wyvern bites you but does no damage.
You closely miss the wyvern.
The wyvern is heavily wounded.
You slash the wyvern!
The wyvern is severely wounded.
The wyvern hisses menacingly.
The wyvern bites you!
You die...

. s #.#...†....#
#.# .. #.#........#
#.# ..
............# #.#
............# #.#
......)......#
#.#####
.###.........#
#.....# ##.#..#####
#####.# #.#l.######
#.#
#.#@.##...#######.#
#....#............#
##...#....#########
########...#....#
...........#....#
##........#....#
#+####..##....#
#..##....#
#.).#.####


You could see a wyvern.

Vanquished Creatures
  A hippogriff (D:8)
  A hungry ghost (D:7)
  2 ice beasts (D:6)
  3 sky beasts
  3 centaurs
  4 ogres
  A big kobold (D:4)
  An elf zombie (Ossuary)
  A bullfrog (D:7)
  A wyvern skeleton (D:6)
  2 scorpions
  4 crimson imps
  4 hounds
  3 jellies
  2 bullfrog skeletons
  2 orc priests
  6 orc wizards
  5 worker ants
  A big kobold zombie (Ossuary)
  3 mummies (Ossuary)
  A worker ant zombie (D:6)
  9 adders
  2 shadow imps
  An ooze (D:2)
  3 adder zombies (Ossuary)
  6 worms
  5 leopard geckos
  29 orcs
  2 ball pythons
  4 giant cockroaches
  2 gnoll zombies (Ossuary)
  4 goblins
  9 hobgoblins
  8 jackals
  10 kobolds
  4 quokkas
  5 bats
  4 frilled lizards
  4 goblin zombies
  A hobgoblin zombie (Ossuary)
  A jackal skeleton (D:7)
  A kobold zombie (Ossuary)
  A leopard gecko skeleton (D:4)
  A quokka zombie (D:5)
  11 rats
178 creatures vanquished.

Notes
Turn   | Place    | Note
-------+----------+-------------------------------------------
     0 | D:1      | shmeve the Demonspawn Berserker began the quest for the
                  | Orb.
     0 | D:1      | Reached XP level 1. HP: 18/18 MP: 1/1
   496 | D:1      | Gained mutation: You are partially covered in yellow
                  | scales. (AC +2) [demonic ancestry]
   496 | D:1      | Reached XP level 2. HP: 10/24 MP: 2/2
  1440 | D:2      | Reached ** piety under Trog
  1440 | D:2      | Gained mutation: You are mostly covered in yellow scales.
                  | (AC +3) [demonic ancestry]
  1440 | D:2      | Reached XP level 3. HP: 24/29 MP: 3/3
  1665 | D:2      | Reached skill level 1 in Throwing
  2060 | D:2      | Gained mutation: You regenerate a little health from kills.
                  | [demonic ancestry]
  2060 | D:2      | Reached XP level 4. HP: 14/36 MP: 4/4
  3172 | D:3      | Gained mutation: You regenerate health from kills. [demonic
                  | ancestry]
  3172 | D:3      | Reached XP level 5. HP: 31/42 MP: 5/5
  4389 | D:4      | Noticed an ogre
  4399 | D:4      | Killed an ogre
  4399 | D:4      | Gained mutation: You have sharp toenails. [demonic
                  | ancestry]
  4399 | D:4      | Reached XP level 6. HP: 49/49 MP: 6/6
  4651 | D:4      | Noticed a moth of wrath
  4654 | D:4      | Found a bloodstained altar of Trog.
  5002 | D:5      | Entered Level 5 of the Dungeon
  5142 | D:5      | Found a sand-covered staircase.
  5160 | Ossuary  | Entered an ossuary
  5167 | Ossuary  | Reached *** piety under Trog
  5190 | Ossuary  | Gained mutation: You have razor-sharp toenails. [demonic
                  | ancestry]
  5190 | Ossuary  | Reached XP level 7. HP: 55/55 MP: 7/7
  5590 | D:5      | Reached skill level 5 in Fighting
  5919 | D:5      | Reached skill level 1 in Shields
  6286 | D:6      | Reached XP level 8. HP: 46/62 MP: 8/8
  6372 | D:6      | Found a hazy altar of Hepliaklqana.
  6555 | D:6      | Reached skill level 5 in Shields
  6575 | D:6      | Found Efeun's General Store.
  6721 | D:6      | Bought a potion of curing for 45 gold pieces
  7077 | D:6      | Found a deep blue altar of Sif Muna.
  7083 | D:6      | Found a burning altar of Makhleb.
  7084 | D:6      | Found a stormy altar of Qazlal.
  7084 | D:6      | Found a blossoming altar of Fedhas.
  7266 | D:7      | Reached **** piety under Trog
  7267 | D:7      | Reached skill level 5 in Axes
  7354 | D:7      | Found a staircase to the Ecumenical Temple.
  7426 | D:7      | Reached XP level 9. HP: 48/69 MP: 9/9
  7657 | D:7      | Found Soudyn's Food Boutique.
  8240 | D:8      | HP: 5/103 [wyvern (10)]
  8242 | D:8      | Slain by a wyvern

Skill      XL: |  1  2  3  4  5  6  7  8  9 |
---------------+----------------------------+-----
Armour         | 2 3 |  3.9
Axes           | 3 4 5 |  5.8
Dodging        | 2 3 |  3.9
Throwing       | 1 2 3 |  3.3
Fighting       | 4 5 6 |  6.3
Shields        | 3 6 |  6.9

Action                   |  1- 3 |  4- 6 |  7- 9 || total
-------------------------+-------+-------+-------++-------
Melee: Hand axe          |   101 |   220 |   374 ||   695
       Kick              |       |    34 |   105 ||   139
Throw: Tomahawk          |       |       |     3 ||     3
Invok: Berserk           |     2 |     6 |     4 ||    12
       Trog's Hand       |       |     2 |     2 ||     4
 Stab: Sleeping          |     1 |       |       ||     1
  Eat: Chunk             |     5 |    16 |    14 ||    35
       Ration            |       |       |     1 ||     1
Armor: Animal skin       |    46 |    74 |     5 ||   125
       Scale mail        |       |       |   197 ||   197
Dodge: Dodged            |    96 |   169 |   201 ||   466
Block: Shield            |       |       |   127 ||   127
